 Dungeon Crawl Stone Soup version 0.30-a0-857-gcaf70739d4 (webtiles) character file.

Game seed: 14999573055157027511

1779359 Darius099 the Hoplite (level 26, 259/259 HPs)
             Began as a Minotaur Fighter on Mar 4, 2023.
             Was a High Priest of Okawaru.
             Escaped with the Orb
             ... and 3 runes on Mar 6, 2023!
             The game lasted 05:10:38 (60666 turns).

Darius099 the Hoplite (Minotaur Fighter)           Turns: 60666, Time: 05:10:39

Health: 259/259    AC: 46    Str: 37 (38) XL:     26   Next: 24%
Magic:  33/33      EV: 14    Int:  6      God:    Okawaru [*****.]
Gold:   2214       SH: 23    Dex:  9      Spells: 40/40 levels left

rFire   + . .      SeeInvis +    k - +10 broad axe of Vodka {speed, Will+ Int+3}
rCold   + . .      Faith    .    m - +2 kite shield {rN+}
rNeg    + + .      Spirit   .    Q - +9 scales of the Dragon King {rPois rF+ rC+ Will+}
rPois   +          Reflect  +    D - +0 hat of the Snake Pit {Regen+ Int-4 Dex-2 Slay+4}
rElec   +          Rampage  .    B - +0 cloak "Voish" {Slay+3}
rCorr   +                        S - +1 pair of gloves "Qexky" {rN+ Will+}
Will    +++++                    A - +2 pair of boots {Fly} Stlth
                                 s - amulet "Ykunaor" {Reflect Contam Str+3 SH+5}
HPRegen 1.43/turn                o - ring of the Evil One {rElec rPois Will+ Str+6 Slay+2}
MPRegen 0.23/turn                N - ring "Givonemur" {rCorr Str+4 Dex-3 Slay+4 SInv}

@: flying, hasted, studying 2 skills, very quick
A: horns 2, retaliatory headbutt, iridescent scales 1, deterioration 1, weak 1,
no potion heal 1
0: Orb of Zot
}: 3/15 runes: serpentine, barnacled, silver
a: Renounce Religion, Heroism, Finesse, Duel


You escaped.
You worshipped Okawaru.
Okawaru was extremely pleased with you.
You visited 10 branches of the dungeon, and saw 48 of its levels.
You also visited: Ice Cave, Wizlab and Desolation.

You collected 7271 gold pieces.
You spent 5057 gold pieces at shops.

Inventory:

Hand Weapons
 k - the +10 broad axe of Vodka (weapon) {speed, Will+ Int+3}
   (Okawaru gifted it to you on level 1 of the Depths)

   Int:       It affects your intelligence (+3).
   Will:      It increases your willpower.
Missiles
 f - 51 poisoned darts (quivered)
 I - 5 throwing nets
 M - 49 boomerangs
 P - 7 silver boomerangs
 U - 17 curare-tipped darts
 W - 27 silver javelins
 X - 21 javelins
Armour
 c - a +3 kite shield of reflection
 m - a +2 kite shield of positive energy (worn)
 y - a +2 cloak of willpower
 A - a +2 pair of boots of flying (worn)
 B - the +0 cloak "Voish" (worn) {Slay+3}
   (You found it on level 3 of the Vaults)

   Slay:      It affects your accuracy & damage with ranged weapons and melee
   (+3).
 C - a +2 kite shield of protection
 D - the +0 hat of the Snake Pit (worn) {Regen+ Int-4 Dex-2 Slay+4}
   (You found it on level 3 of the Vaults)

   Int:       It affects your intelligence (-4).
   Dex:       It affects your dexterity (-2).
   Slay:      It affects your accuracy & damage with ranged weapons and melee
   (+4).
   Regen:     It increases your rate of health regeneration.
 L - the +1 hat of the Wilderness {Will+}
   (You acquired it on level 2 of the Realm of Zot)

   Will:      It increases your willpower.
 Q - the +9 scales of the Dragon King (worn) {rPois rF+ rC+ Will+}
   (You bought it in a shop on level 2 of the Shoals)

   rF:        It protects you from fire.
   rC:        It protects you from cold.
   rPois:     It protects you from poison.
   Will:      It increases your willpower.
 S - the +1 pair of gloves "Qexky" (worn) {rN+ Will+}
   (You found it on level 3 of the Realm of Zot)

   rN:        It protects you from negative energy.
   Will:      It increases your willpower.
Jewellery
 a - a ring of protection from fire
 o - the ring of the Evil One (left hand) {rElec rPois Will+ Str+6 Slay+2}
   (You bought it in a shop on level 1 of the Vaults)

   [ring of strength]

   Str:       It affects your strength (+6).
   Slay:      It affects your accuracy & damage with ranged weapons and melee
   (+2).
   rElec:     It insulates you from electricity.
   rPois:     It protects you from poison.
   Will:      It increases your willpower.
 r - an amulet of regeneration
 s - the amulet "Ykunaor" (around neck) {Reflect Contam Str+3 SH+5}
   (You took it off a vault warden on level 5 of the Vaults)

   [amulet of reflection]

   It reflects blocked missile attacks.
   Str:       It affects your strength (+3).
   Contam:    It causes magical contamination when unequipped.
   SH:        It affects your SH (+5).
 t - a ring of protection from cold
 z - a ring of protection from fire
 N - the ring "Givonemur" (right hand) {rCorr Str+4 Dex-3 Slay+4 SInv}
   (You found it in the Desolation of Salt)

   [ring of slaying]

   Str:       It affects your strength (+4).
   Dex:       It affects your dexterity (-3).
   Slay:      It affects your accuracy & damage with ranged weapons and melee
   (+4).
   SInv:      It lets you see invisible.
   rCorr:     It protects you from acid and corrosion.
Wands
 b - a wand of digging (20)
 E - a wand of roots (34)
 O - a wand of mindburst (13)
Scrolls
 i - 11 scrolls of magic mapping
 p - 9 scrolls of blinking
 u - 29 scrolls of teleportation
 w - 2 scrolls of poison
 x - 3 scrolls of amnesia
 K - 5 scrolls of fear
 Z - 7 scrolls of fog
Potions
 d - 8 potions of might
 e - 6 potions of resistance
 g - 6 potions of haste
 j - 24 potions of curing
 l - 11 potions of lignification
 n - 4 potions of cancellation
 q - 3 potions of berserk rage
 v - 11 potions of flight
 F - 5 potions of ambrosia
 G - 10 potions of brilliance
 J - 5 potions of heal wounds
 R - 2 potions of invisibility
 T - 4 potions of magic
 V - 2 potions of mutation
Miscellaneous
 H - a tin of tremorstones (2/2)
 Y - a piece from Xom's chessboard (15/15)


   Skills:
 + Level 25.5 Fighting
 - Level 18.0 Axes
 - Level 16.0 Throwing
 + Level 25.5 Armour
 + Level 20.1 Dodging
 + Level 25.5 Shields
 - Level 7.8 Spellcasting
 - Level 12.0 Invocations
 - Level 9.3 Evocations


You had 40 spell levels left.
You didn't know any spells.
Your spell library contained the following spells:

 Spells                   Type           Power      Damage    Failure   Level
 Apportation              Tloc           4%         N/A       71%         1
 Beastly Appendage        Tmut           4%         N/A       71%         1
 Foxfire                  Conj/Fire      8%         2x1d4     71%         1
 Freeze                   Ice            8%         1d3       71%         1
 Kiss of Death            Conj/Necr      8%         2d6       71%         1
 Magic Dart               Conj           8%         1d3       71%         1
 Necrotise                Necr           8%         1d4       71%         1
 Shock                    Conj/Air       8%         1d3       71%         1
 Slow                     Hex            8%         N/A       71%         1
 Sting                    Tmut/Pois      8%         1d3       71%         1
 Cigotuvi's Dreadful Rot  Necr/Pois/Air  4%         N/A       85%         2
 Ensorcelled Hibernation  Hex/Ice        4%         N/A       85%         2
 Lesser Beckoning         Tloc           4%         N/A       85%         2
 Passwall                 Tmut/Erth      1%         N/A       85%         2
 Poisonous Vapours        Pois/Air       4%         N/A       85%         2
 Searing Ray              Conj           4%         2d4       85%         2
 Static Discharge         Conj/Air       4%         2-3/arc   85%         2
 Sublimation of Blood     Necr           2%         N/A       85%         2
 Wereblood                Tmut           2%         N/A       85%         2
 Confusing Touch          Hex            2%         N/A       97%         3
 Frozen Ramparts          Ice            4%         1d1       97%         3
 Gell's Gravitas          Tloc           2%         N/A       97%         3
 Hailstorm                Conj/Ice       2%         3d3       97%         3
 Ignite Poison            Fire/Tmut/Pois 2%         N/A       97%         3
 Inner Flame              Hex/Fire       2%         N/A       97%         3
 Kindle Blastsparks       Fire/Tloc/Air  4%         2d10      97%         3
 Mephitic Cloud           Conj/Pois/Air  2%         N/A       97%         3
 Ozocubu's Armour         Ice            2%         N/A       97%         3
 Spider Form              Tmut/Pois      2%         N/A       97%         3
 Stone Arrow              Conj/Erth      4%         3d7       97%         3
 Swiftness                Air            2%         N/A       97%         3
 Teleport Other           Tloc           2%         N/A       97%         3
 Vampiric Draining        Necr           2%         2d6       97%         3
 Vhi's Electric Charge    Tloc/Air       4%         N/A       97%         3
 Airstrike                Air            1%         2d(1-17)  100%        4
 Anguish                  Hex/Necr       1%         N/A       100%        4
 Cause Fear               Hex            1%         N/A       100%        4
 Dispel Undead            Necr           2%         3d7       100%        4
 Ice Form                 Ice/Tmut       2%         N/A       100%        4
 Iskenderun's Mystic Bla  Conj/Tloc      2%         2d3       100%        4
 Leda's Liquefaction      Hex/Erth       1%         N/A       100%        4
 Manifold Assault         Tloc           2%         N/A       100%        4
 Olgreb's Toxic Radiance  Pois           2%         N/A       100%        4
 Petrify                  Tmut/Erth      2%         N/A       100%        4
 Sticky Flame             Conj/Fire      2%         2d3       100%        4
 Agony                    Necr           2%         N/A       100%        5
 Alistair's Intoxication  Tmut/Pois      1%         N/A       100%        5
 Arcjolt                  Conj/Air       1%         1d11      100%        5
 Blade Hands              Tmut           1%         N/A       100%        5
 Borgnjor's Vile Clutch   Necr/Erth      1%         N/A       100%        5
 Fireball                 Conj/Fire      1%         3d3       100%        5
 Freezing Cloud           Conj/Ice/Air   1%         6-21      100%        5
 Irradiate                Conj/Tmut      1%         3d12      100%        5
 Iskenderun's Battlesphe  Conj           2%         2d6       100%        5
 Lee's Rapid Deconstruct  Erth           1%         3d4*      100%        5
 Lightning Bolt           Conj/Air       1%         1d12      100%        5
 Metabolic Englaciation   Hex/Ice        1%         N/A       100%        5
 Yara's Violent Unravell  Hex/Tmut       1%         3d3       100%        5
 Conjure Ball Lightning   Conj/Air       1%         3x3d6     100%        6
 Dispersal                Tloc           1%         N/A       100%        6
 Eringya's Noxious Bog    Tmut/Pois      1%         N/A       100%        6
 Iron Shot                Conj/Erth      1%         9d1       100%        6
 Starburst                Conj/Fire      1%         6d3       100%        6
 Statue Form              Tmut/Erth      1%         N/A       100%        6
 Dragon Form              Tmut           1%         N/A       100%        7
 Enfeeble                 Hex            1%         N/A       100%        7
 Orb of Destruction       Conj           1%         9d5       100%        7
 Ozocubu's Refrigeration  Ice            1%         4d7       100%        7
 Borgnjor's Revivificati  Necr           1%         N/A       100%        8
 Discord                  Hex            1%         N/A       100%        8
 Disjunction              Tloc           1%         N/A       100%        8
 Ignition                 Fire           1%         3d3       100%        8
 Lehudib's Crystal Spear  Conj/Erth      1%         10d2      100%        8
 Maxwell's Capacitive Co  Air            1%         ∞         100%        8
 Necromutation            Tmut/Necr      1%         N/A       100%        8
 Chain Lightning          Conj/Air       1%         3d1       100%        9
 Death's Door             Necr           1%         N/A       100%        9
 Summon Small Mammal      Summ           Unusable   N/A       N/A         1
 Call Imp                 Summ           Unusable   N/A       N/A         2
 Summon Guardian Golem    Hex/Summ       Unusable   N/A       N/A         3
 Animate Dead             Necr           Unusable   N/A       N/A         4
 Summon Ice Beast         Ice/Summ       Unusable   N/A       N/A         4
 Summon Lightning Spire   Summ/Air       Unusable   N/A       N/A         4
 Summon Forest            Summ/Tloc      Unusable   N/A       N/A         5
 Death Channel            Necr           Unusable   N/A       N/A         6
 Simulacrum               Ice/Necr       Unusable   N/A       N/A         6
 Monstrous Menagerie      Summ           Unusable   N/A       N/A         7
 Spellforged Servitor     Conj/Summ      Unusable   N/A       N/A         7
 Summon Hydra             Summ           Unusable   N/A       N/A         7

Dungeon Overview and Level Annotations

Branches:
Dungeon (15/15)            Temple (1/1) D:5            Lair (5/5) D:8
 Shoals (4/4) Lair:2        Snake (4/4) Lair:3        Slime (0/5) Lair:5
    Orc (2/2) D:9             Elf (3/3) Orc:2        Vaults (5/5) D:13
  Crypt (0/3) Vaults:3     Depths (4/4) D:15            Zot (5/5) Depths:4
  IceCv (visited)          WizLab (visited)         Desolation (visited)

Altars:
Ashenzari
Cheibriados
Dithmenos
Elyvilon
Fedhas
Gozag
Hepliaklqana
Kikubaaqudgha
Makhleb
Nemelex Xobeh
Okawaru
Qazlal
Ru
Sif Muna
Trog
Uskayaw
Vehumet
Wu Jian
Xom
Yredelemnul
Zin
The Shining One

Shops:
D:4 *   D:5 *   D:6 !   D:10 ?   D:11 *   Orc:2 (!(*   Elf:2 ?   Shoals:2 [
Shoals:4 =   Snake:3 ?   Vaults:1 *===*   Vaults:4 :   Vaults:5 [[!

Portals:
Hell: Depths:1 Depths:2 Depths:3 Depths:4
Abyss: Depths:1 Depths:3
Pandemonium: Depths:2
Ziggurat: Depths:1
Trove: D:14 (give +4 fire dragon scales)


Innate Abilities, Weirdness & Mutations

You have a pair of horns on your head.
You reflexively headbutt those who attack you in melee.
You are partially covered in iridescent scales. (AC +2)
Your body sometimes deteriorates upon taking damage.
You are weak. (Str -2)
Potions are less effective at restoring your health.


Message History

The Ice Fiend moves out of view.
The Ice Fiend gestures at you. The bolt of cold misses you.
The Ice Fiend calls on the powers of darkness!
Your body is wracked with pain!
Your body deteriorates!
You feel weakened.
A smoke demon comes into view.
The smoke demon moves out of view.
There is a stone staircase leading up here.
You fly upwards.
There is a stone staircase leading down here.
You see here a +0 scale mail.
There is a stone staircase leading up here.
You fly upwards.
There is a stone staircase leading down here.
There is a stone staircase leading up here.
You fly upwards.
There is a stone staircase leading down here.
You see here a +0 dagger.
A red devil comes into view.
It is wielding a +2 demon trident of venom.
You block the red devil's attack. The red devil closely misses you.
There is a stone staircase leading up here.
You block the red devil's attack.
You fly upwards.
There is a stone staircase leading down here.
A hellwing and a smoke demon come into view.
The hellwing gives a chilling moan.
The smoke demon moves out of view.
You feel yourself speed up.
There is a stone staircase leading up here.
You fly upwards.
There is a stone staircase leading down here.
You see here a +0 dagger.
Things that are here:
4 stones; a +0 dagger You reach down and open the door.
There is an open door here.
There is a staircase leading out of the dungeon here.
You have escaped!

###############.##.##...........#
#................#.###.##########
#.##############'#...............
#.# ####.#####.##.....†..
#.###########..#.#..##......#####
#.........##.#.#.#.#.#.#########.
#########.##..#...#..#..##.......
#########.####.....####.##.......
#.........+.....@.....+.##...)...
#.############.....#######.......
#.# #..#..#...#..# #....... #.#
#..#.#.#.#.#.# ######## #.#
#..##..#.#..## #.# #...####.####
#.# #.#....#'# #.#######.#.#....#
#.........#.#..###


There were no monsters in sight!

Vanquished Creatures
  5 dread liches
  7 orbs of fire
  2 ancient liches
  5 Killer Klowns
  Saint Roka (Vaults:4)
  The ghost of lmSkywalker the Warrior, an adept DrTm of Okawaru (Depths:3)
  Margery (Vaults:4)
  5 caustic shrikes (D:15)
  3 curse toes
  15 golden dragons
  Nikola (Elf:2)
  2 bone dragons
  2 doom hounds (Zot:4)
  5 electric golems
  Cloud Mage (WizLab)
  26 Orb Guardians
  15 tentacled monstrosities
  An Ice Fiend (D:9)
  5 liches
  2 deep elf master archers (Elf:3)
  3 deep elf blademasters
  A Hell Sentinel (D:7)
  Grunn (Zot:4)
  3 quicksilver dragons
  A pandemonium lord (D:8)
  7 titans
  8 death cobs
  4 sphinxes
  2 Executioners
  A kraken (Shoals:3)
  Frances (Shoals:1)
  Agnes (Elf:2)
  3 tengu reavers
  Polyphemus (Shoals:2)
  14 storm dragons
  7 shadow dragons
  Donald (Shoals:1)
  6 draconian monks
  Roxanne (Shoals:1)
  6 nagarajas (Snake:4)
  11 fire giants
  9 frost giants
  3 draconian knights
  7 draconian scorchers
  8 deep elf sorcerers
  5 imperial myrmidons (Desolation)
  Louise (Depths:1)
  11 vault wardens
  3 iron dragons
  5 draconian annihilators
  4 spectral caustic shrikes (Depths:2)
  3 ghost moths
  2 draconian stormcallers
  An orc warlord (Vaults:1)
  3 spriggan defenders (Depths:1)
  11 ironbound preservers
  16 stone giants
  7 draconian shifters
  6 deep elf elementalists
  2 reapers
  2 angels (Vaults:4)
  5 ironbound thunderhulks
  22 very ugly things
  3 war gargoyles
  14 green draconians
  7 black draconians
  2 vampire knights
  13 white draconians
  4 deep elf demonologists
  10 deep elf annihilators
  13 dire elephants
  8 yellow draconians
  14 red draconians
  5 spark wasps (Depths:4)
  An iron golem (Depths:3)
  4 purple draconians
  4 blizzard demons
  12 deep elf death magi
  2 green deaths (Depths:1)
  4 merfolk javelineers
  9 ettins
  10 fire dragons
  12 merfolk impalers
  A crystal guardian (Desolation)
  10 ragged hierophants (Desolation)
  22 yaktaur captains
  4 great orbs of eyes
  A spriggan zombie (Depths:3)
  6 deep elf high priests
  4 rakshasas
  37 vault guards
  An entropy weaver (Vaults:5)
  2 hell beasts
  A catoblepas (Shoals:1)
  10 peacekeepers
  13 ice dragons
  2 ghost crabs (WizLab)
  5 ironbound frosthearts
  8 spriggan air magi
  An ogre mage (Depths:2)
  4 servants of whispers (Desolation)
  7 hydras
  4 merfolk avatars (Shoals:4)
  13 anacondas
  10 two-headed ogres
  10 merfolk aquamancers
  6 satyrs
  8 centaur warriors
  27 dancing weapons
  4 boulder beetles
  7 deep troll earth magi
  A satyr (shapeshifter) (Vaults:5)
  18 naga warriors
  3 tengu warriors
  5 death yaks
  3 orc high priests
  7 deep troll shamans
  An alligator snapping turtle (Shoals:4)
  3 vampire magi
  3 sun demons
  6 spriggans
  A hell hog (Depths:4)
  The ghost of Nick1 the Reanimator, a novice DsNe of Yredelemnul (D:8)
  4 naga sharpshooters (Snake:4)
  6 spriggan berserkers
  A soul eater (Depths:1)
  2 skysharks
  4 salamander mystics
  7 shock serpents
  13 deep elf knights
  A sixfirhy (D:8)
  9 iron trolls
  Amaemon (D:10)
  15 hell knights
  4 death drakes (WizLab)
  A quicksilver dragon simulacrum (Depths:3)
  A glowing orange brain (Vaults:3)
  A swamp dragon (shapeshifter) (Depths:3)
  48 deep trolls
  13 sea snakes
  8 phantasmal warriors
  9 lindwurms
  12 wizards
  5 deep elf archers
  6 naga ritualists
  Pikel (D:6)
  8 orc knights
  20 deep elf pyromancers
  28 deep elf zephyrmancers
  4 flayed ghosts
  11 harpies
  22 ironbound convokers
  An obsidian statue (Depths:1)
  5 necromancers
  A wolf spider (shapeshifter) (Vaults:5)
  8 fauns
  11 mana vipers
  13 manticores
  29 salamanders
  4 orc sorcerers
  11 cyclopes
  2 wolf spiders
  A salamander (shapeshifter) (Depths:4)
  49 ugly things
  16 elephants
  22 moths of wrath
  An elephant (shapeshifter) (Vaults:2)
  27 black mambas
  24 vault sentinels
  3 ice statues (IceCv)
  5 water nymphs
  4 merfolk sirens
  11 guardian serpents
  3 apocalypse crabs (WizLab)
  2 smoke demons
  A torpor snail (Lair:2)
  9 naga magi
  18 cane toads
  A large abomination (D:9)
  A kobold demonologist (D:10)
  An orange demon (D:10)
  A rime drake (shapeshifter) (Vaults:4)
  A storm dragon simulacrum (Depths:3)
  A rime drake (Lair:2)
  42 yaktaurs
  2 tormentors
  9 komodo dragons
  2 efreet
  2 freezing wraiths
  5 tengu conjurers
  2 red devils (Depths:1)
  A hellwing (D:7)
  An ice devil (Depths:1)
  3 tyrant leeches (Lair:5)
  A yaktaur (shapeshifter) (D:15)
  27 merfolk
  3 meliai (D:13)
  3 polar bears (Lair:4)
  64 saltlings (Desolation)
  A sphinx simulacrum (Depths:3)
  A hornet (shapeshifter) (D:14)
  5 wind drakes
  8 hornets
  9 trolls
  14 blink frogs (Lair:5)
  4 dream sheep (Shoals:4)
  5 snapping turtles
  2 ynoxinuls (Depths:1)
  18 water elementals
  23 slime creatures
  The ghost of Soil the Trooper, an amateur TrFi of Yredelemnul (D:4)
  A vampire (D:11)
  A shadow (D:11)
  2 wraiths
  2 wyverns
  18 air elementals
  34 yaks
  A dire elephant simulacrum (IceCv)
  3 fire elementals
  4 basilisks
  19 humans (D:13)
  2 steam dragons
  10 vampire mosquitoes
  Menkaure (D:4)
  3 neqoxecs (Depths:1)
  6 wargs
  33 nagas
  2 acid dragons (D:11)
  8 water moccasins
  Duvessa (D:5)
  A hydra simulacrum (IceCv)
  A floating eye (Depths:1)
  4 ice beasts
  A sky beast (D:7)
  4 boggarts (Vaults:3)
  44 orc warriors
  11 ogres
  2 black bears
  28 wolves
  2 lemures (D:6)
  15 centaurs
  2 phantoms
  2 kobold brigands
  18 bullfrogs
  3 scorpions
  3 earth elementals
  A gnoll sergeant (D:12)
  A water moccasin skeleton (D:5)
  2 cane toad simulacra (IceCv)
  A water moccasin zombie (D:5)
  Dowan (D:5)
  2 elephant simulacra (IceCv)
  4 killer bees
  9 electric eels
  A howler monkey (D:6)
  A bullfrog zombie (D:5)
  A lava snake (Snake:2)
  9 hounds
  2 jellies (D:6)
  A bullfrog skeleton (D:5)
  16 orc priests
  2 gnoll boudas
  A sleepcap (D:5)
  Natasha (thrice) (D:3)
  5 iguanas
  32 orc wizards
  6 hell rats (Lair:3)
  A polar bear simulacrum (IceCv)
  A wolf simulacrum (IceCv)
  4 adders
  10 gnolls
  5 white imps
  2 ufetubi
  A worm (D:3)
  The ghost of Pooter the Sneak, a weakling MiDe (D:5)
  2 dart slugs (D:4)
  99 orcs
  10 endoplasms
  4 giant cockroaches
  10 goblins
  8 hobgoblins
  10 jackals
  17 kobolds
  A quokka (D:2)
  7 ball pythons
  8 bats
  4 frilled lizards
  4 rats
  2 tentacles (Shoals:3)
2169 creatures vanquished.

Vanquished Creatures (others)
  A blizzard demon (Depths:1)
  A hellwing (Depths:1)
  A merfolk (Shoals:3)
  2 wind drakes (WizLab)
  A water elemental (Elf:3)
  A hornet simulacrum (D:15)
  An orc wizard (Vaults:5)
  2 orcs (Vaults:5)
  A hobgoblin (D:8)
  2 kobolds (D:8)
  36 fungi
  188 plants
  13 tentacles (Shoals:3)
250 creatures vanquished.

Grand Total: 2419 creatures vanquished

Notes
Turn   | Place    | Note
-------+----------+-------------------------------------------
     0 | D:1      | Darius099 the Minotaur Fighter began the quest for the Orb.
     0 | D:1      | Reached XP level 1. HP: 19/19 MP: 0/0
   205 | D:1      | Reached XP level 2. HP: 26/26 MP: 1/1
   493 | D:1      | Reached XP level 3. HP: 31/31 MP: 2/2
   953 | D:2      | Reached skill level 5 in Axes
   953 | D:2      | Reached XP level 4. HP: 19/39 MP: 3/3
  1163 | D:2      | Found a faded altar of an unknown god.
  1910 | D:3      | Noticed Natasha
  1917 | D:3      | Killed Natasha
  1918 | D:3      | Reached XP level 5. HP: 42/45 MP: 4/4
  2097 | D:3      | Noticed Natasha
  2103 | D:3      | Killed Natasha
  2216 | D:3      | Noticed Natasha
  2225 | D:3      | Killed Natasha
  2262 | D:4      | Found an opulent altar of Gozag.
  2264 | D:4      | Found Gozag's Platinum Reserve.
  2379 | D:4      | Reached XP level 6. HP: 51/51 MP: 5/5
  2633 | D:4      | Noticed Menkaure
  2638 | D:4      | Killed Menkaure
  2961 | D:4      | Found a runed translucent door.
  2966 | D:4      | Noticed Soil's ghost (amateur TrFi)
  2976 | D:4      | Killed Soil's ghost
  2977 | D:4      | Reached XP level 7. HP: 57/57 MP: 6/6
  3000 | D:5      | Entered Level 5 of the Dungeon
  3010 | D:5      | Found a runed translucent gate.
  3011 | D:5      | Found a runed translucent gate.
  3012 | D:5      | Found a runed translucent gate.
  3017 | D:5      | Noticed Pooter's ghost (weakling MiDe)
  3031 | D:5      | Killed Pooter's ghost
  3045 | D:5      | Reached skill level 10 in Axes
  3114 | D:5      | Found Buck's General Store.
  3141 | D:5      | Reached XP level 8. HP: 60/64 MP: 7/7
  3194 | D:5      | Noticed Dowan
  3195 | D:5      | Found a shimmering blue altar of Sif Muna.
  3204 | D:5      | Killed Dowan
  3215 | D:5      | Noticed Duvessa
  3219 | D:5      | Got Sif Muna's Disquisition on the Impact
  3232 | D:5      | Killed Duvessa
  3235 | D:5      | Found a bloodstained altar of Trog.
  3266 | D:5      | Found a staircase to the Ecumenical Temple.
  3271 | Temple   | Entered the Ecumenical Temple
  3462 | Temple   | Became a worshipper of Warmaster Okawaru
  3858 | D:5      | Reached * piety under Okawaru
  4312 | D:6      | Found Vadeargh's Distillery.
  4360 | D:6      | Reached XP level 9. HP: 70/70 MP: 8/8
  4489 | D:6      | Noticed Pikel
  4508 | D:6      | Killed Pikel
  4508 | D:6      | Reached ** piety under Okawaru
  4509 | D:6      | Reached skill level 15 in Axes
  4610 | D:6      | Found a burning altar of Makhleb.
  5217 | D:7      | Reached skill level 1 in Throwing
  5217 | D:7      | Reached skill level 1 in Invocations
  5299 | D:7      | Reached *** piety under Okawaru
  5328 | D:7      | Found a glowing silver altar of Zin.
  5455 | D:7      | Noticed a two-headed ogre
  5516 | D:7      | Killed a two-headed ogre
  5517 | D:7      | Reached XP level 10. HP: 60/77 MP: 11/11
  5929 | D:8      | Found a staircase to the Lair.
  6036 | D:8      | Found a large runed translucent door.
  6036 | D:8      | Found a large runed translucent door.
  6037 | D:8      | Noticed Nick1's ghost (novice DsNe)
  6056 | D:8      | Reached **** piety under Okawaru
  6065 | D:8      | Reached skill level 5 in Throwing
  6065 | D:8      | Reached skill level 5 in Invocations
  6279 | D:8      | Noticed a two-headed ogre
  6300 | D:8      | Killed a two-headed ogre
  7125 | D:8      | Killed Nick1's ghost
  7238 | D:9      | Received a gift from Okawaru
  7260 | D:9      | Noticed a cyclops
  7276 | D:9      | Killed a cyclops
  7277 | D:9      | Reached skill level 5 in Fighting
  7277 | D:9      | Reached skill level 5 in Armour
  7277 | D:9      | Reached skill level 5 in Shields
  7277 | D:9      | Reached XP level 11. HP: 24/86 MP: 12/14
  7457 | D:9      | Found a staircase to the Orcish Mines.
  7747 | D:10     | Entered Level 10 of the Dungeon
  7749 | D:10     | Noticed Amaemon
  7789 | D:10     | Killed Amaemon
  8149 | D:10     | Found Ublon's Magic Scroll Emporium.
  8418 | D:10     | Noticed a two-headed ogre
  8424 | D:10     | Killed a two-headed ogre
  8993 | D:11     | Reached ***** piety under Okawaru
  9094 | D:11     | Noticed a purple ugly thing
  9099 | D:11     | Killed a purple ugly thing
  9164 | D:11     | Found Daomm's CLEARANCE SALE!.
  9639 | D:11     | Identified the +2 long sword of Debt {venom, Int+5 Dex-4}
 10050 | D:12     | Noticed a two-headed ogre
 10054 | D:12     | Killed a two-headed ogre
 10054 | D:12     | Identified the +8 chain mail "Gymag" {rElec} (Okawaru
                  | gifted it to you on level 12 of the Dungeon)
 10054 | D:12     | Received a gift from Okawaru
 10148 | D:12     | Noticed a two-headed ogre
 10157 | D:12     | Killed a two-headed ogre
 10281 | D:12     | Noticed a two-headed ogre
 10291 | D:12     | Killed a two-headed ogre
 10292 | D:12     | Reached XP level 12. HP: 80/103 MP: 15/15
 10985 | Lair:1   | Entered Level 1 of the Lair of Beasts
 11107 | Lair:1   | Reached skill level 10 in Fighting
 11107 | Lair:1   | Reached skill level 10 in Armour
 11107 | Lair:1   | Reached skill level 10 in Shields
 11313 | Lair:1   | Identified the +0 pair of boots of the Lair of Beasts
                  | {Int+4} (Okawaru gifted it to you on level 1 of the Lair of
                  | Beasts)
 11313 | Lair:1   | Received a gift from Okawaru
 11986 | Lair:2   | Noticed a death yak
 11987 | Lair:2   | Noticed a death yak
 11999 | Lair:2   | Killed a death yak
 12006 | Lair:2   | Killed a death yak
 12007 | Lair:2   | Reached XP level 13. HP: 91/116 MP: 16/16
 12024 | Lair:2   | Found a staircase to the Shoals.
 12420 | Lair:2   | Reached ****** piety under Okawaru
 13509 | Lair:3   | Found a frozen archway.
 13546 | IceCv    | Entered an ice cave
 13633 | IceCv    | Identified the +0 robe "Puwuepnuzi" {Dex+3} (Okawaru gifted
                  | it to you in an ice cave)
 13633 | IceCv    | Received a gift from Okawaru
 13940 | Lair:3   | Found a staircase to the Snake Pit.
 15435 | Lair:5   | Entered Level 5 of the Lair of Beasts
 15457 | Lair:5   | Found a staircase to the Slime Pits.
 15768 | Lair:5   | Reached XP level 14. HP: 107/127 MP: 17/17
 15896 | Lair:5   | Got the Compendium of the Salvo
 15911 | Lair:5   | Received a gift from Okawaru
 15922 | Lair:5   | Reached skill level 1 in Evocations
 16940 | D:6      | Bought a potion of heal wounds for 55 gold pieces
 17269 | D:10     | Bought a scroll of enchant weapon for 97 gold pieces
 17819 | D:13     | Found a gate to the Vaults.
 18744 | Orc:1    | Entered Level 1 of the Orcish Mines
 18940 | Orc:2    | Entered Level 2 of the Orcish Mines
 19084 | Orc:2    | Received a gift from Okawaru
 19085 | Orc:2    | Reached skill level 5 in Evocations
 19589 | Orc:2    | Found a staircase to the Elven Halls.
 20197 | Orc:2    | Received a gift from Okawaru
 20316 | Orc:2    | Found Qiuth's Distillery.
 20316 | Orc:2    | Found Nanya's Weapon Shop.
 20318 | Orc:2    | Found Nomos's General Store.
 20320 | Orc:2    | Found Qaczew's Antique Weapon Shoppe.
 20977 | D:14     | Reached XP level 15. HP: 126/134 MP: 20/20
 20994 | D:14     | Found a broken altar of Ashenzari.
 21228 | D:14     | Found a portal to a secret trove of treasure.
 21606 | D:14     | Found a runed translucent door.
 21736 | D:15     | Entered Level 15 of the Dungeon
 21945 | D:15     | Found a white marble altar of Elyvilon.
 22039 | D:15     | Reached skill level 10 in Invocations
 22044 | D:15     | Reached skill level 10 in Throwing
 22154 | D:15     | Received a gift from Okawaru
 22219 | D:15     | Found a shimmering altar of Xom.
 22220 | D:15     | Found a shimmering altar of Xom.
 22221 | D:15     | Found a shimmering altar of Xom.
 22222 | D:15     | Found a shimmering altar of Xom.
 22223 | D:15     | Found a shimmering altar of Xom.
 22223 | D:15     | Found a shimmering altar of Xom.
 22223 | D:15     | Found a shimmering altar of Xom.
 22223 | D:15     | Found a shimmering altar of Xom.
 22579 | D:15     | Found a staircase to the Depths.
 22593 | D:15     | Received a gift from Okawaru
 22888 | Snake:1  | Entered Level 1 of the Snake Pit
 23035 | Snake:1  | Received a gift from Okawaru
 23504 | Snake:1  | Reached skill level 1 in Dodging
 23627 | Snake:1  | Received a gift from Okawaru
 24177 | Snake:2  | Identified the +9 great sword of Destiny {distort, Dex+3}
                  | (Okawaru gifted it to you on level 2 of the Snake Pit)
 24177 | Snake:2  | Received a gift from Okawaru
 24469 | Snake:2  | Reached XP level 16. HP: 78/141 MP: 23/23
 24704 | Snake:2  | Identified a scroll of acquirement
 24824 | Snake:2  | Acquired the +2 hat of the Foremost Servitors {rPois}
 25003 | Snake:2  | Reached skill level 5 in Dodging
 25377 | Snake:3  | Received a gift from Okawaru
 25698 | Snake:3  | Found Beisker's Magic Scroll Boutique.
 25711 | Snake:3  | Bought a scroll of teleportation for 60 gold pieces
 25711 | Snake:3  | Upgraded the game from 0.30-a0-852-g08b95dd62f to
                  | 0.30-a0-857-gcaf70739d4
 26250 | Snake:3  | Found a hazy altar of Hepliaklqana.
 26610 | Snake:4  | Entered Level 4 of the Snake Pit
 26830 | Snake:4  | Received a gift from Okawaru
 28154 | Snake:4  | Identified the +0 hat "Wani" {MP+9 Str+2} (Okawaru gifted
                  | it to you on level 4 of the Snake Pit)
 28154 | Snake:4  | Received a gift from Okawaru
 28619 | Snake:4  | Reached XP level 17. HP: 141/151 MP: 25/25
 28732 | Snake:4  | Got a serpentine rune of Zot
 28902 | Shoals:1 | Entered Level 1 of the Shoals
 28902 | Shoals:1 | Noticed Frances
 28902 | Shoals:1 | Noticed Roxanne
 28941 | Shoals:1 | Killed Roxanne
 28943 | Shoals:1 | Killed Frances
 29232 | Shoals:1 | Noticed Donald
 29252 | Shoals:1 | Killed Donald
 30208 | Shoals:2 | Noticed Polyphemus
 30416 | Shoals:2 | Killed Polyphemus
 30429 | Shoals:2 | Found Wuanwal's Antique Armour Shoppe.
 31713 | Shoals:3 | Noticed a kraken
 31761 | Shoals:3 | Received a gift from Okawaru
 31910 | Shoals:3 | Received a gift from Okawaru
 32190 | Shoals:3 | Killed a kraken
 32465 | Shoals:4 | Entered Level 4 of the Shoals
 32516 | Shoals:4 | Reached skill level 15 in Shields
 32518 | Shoals:4 | Reached skill level 15 in Fighting
 32519 | Shoals:4 | Reached skill level 15 in Armour
 32542 | Shoals:4 | Reached skill level 10 in Dodging
 32785 | Shoals:4 | Found Acwiewk's Jewellery Boutique.
 32837 | Shoals:4 | Received a gift from Okawaru
 32862 | Shoals:4 | Got a barnacled rune of Zot
 33005 | Shoals:4 | Reached XP level 18. HP: 121/163 MP: 26/26
 33299 | Shoals:4 | Received a gift from Okawaru
 33335 | Shoals:4 | HP: 8/166 [merfolk/+0 trident[a merfolk impaler] (10)]
 33338 | Arena    | Entered the Arena
 33338 | Arena    | HP: 2/166 [merfolk impaler/+0 trident (8)]
 33399 | Shoals:4 | Identified the ring "Fuydop" {Contam +Blink Fly rC+ Int+2}
 34295 | Vaults:1 | Entered Level 1 of the Vaults
 34313 | Vaults:1 | Found Caeb's General Store.
 34321 | Vaults:1 | Bought a scroll of blinking for 97 gold pieces
 34329 | Vaults:1 | Found Plog's Jewellery Shoppe.
 34633 | Vaults:1 | Reached skill level 1 in Spellcasting
 34902 | Vaults:1 | Found Muheh's Assorted Antiques.
 35341 | Vaults:1 | Found Losanoh's Jewellery Shop.
 35356 | Vaults:1 | Bought the ring of the Evil One {rElec rPois Will+ Str+6
                  | Slay+2} for 818 gold pieces
 35367 | Vaults:1 | Found Nialeepo's Jewellery Shop.
 36370 | Vaults:2 | Identified the +2 pair of boots of the Stone Wall {*Slow
                  | rF+ Dex+3} (Okawaru gifted it to you on level 2 of the
                  | Vaults)
 36370 | Vaults:2 | Received a gift from Okawaru
 36371 | Vaults:2 | Noticed a Brimstone Fiend
 36375 | Vaults:2 | Noticed an Ice Fiend
 37015 | Vaults:2 | Reached XP level 19. HP: 154/177 MP: 27/27
 37208 | Vaults:2 | Found a huge runed gate.
 37209 | Vaults:2 | Found a huge runed gate.
 37209 | Vaults:2 | Found a huge runed gate.
 37209 | Vaults:2 | Found a huge runed gate.
 37209 | Vaults:2 | Found a huge runed gate.
 37209 | Vaults:2 | Found a huge runed gate.
 37209 | Vaults:2 | Found a huge runed gate.
 37209 | Vaults:2 | Found a huge runed gate.
 37210 | Vaults:2 | Found a huge runed gate.
 37250 | Vaults:2 | Found a huge runed gate.
 37250 | Vaults:2 | Found a huge runed gate.
 37250 | Vaults:2 | Found a huge runed gate.
 37250 | Vaults:2 | Found a huge runed gate.
 37250 | Vaults:2 | Found a huge runed gate.
 37250 | Vaults:2 | Found a huge runed gate.
 37251 | Vaults:2 | Found a huge runed gate.
 37252 | Vaults:2 | Found a huge runed gate.
 37253 | Vaults:2 | Found a huge runed gate.
 37668 | Vaults:3 | Noticed a bone dragon
 37685 | Vaults:3 | Killed a bone dragon
 37688 | Vaults:3 | Found a staircase to the Crypt.
 37887 | Vaults:3 | Identified the +0 cloak "Voish" {Slay+3}
 38180 | Vaults:3 | Identified the +0 hat of the Snake Pit {Regen+ Int-4 Dex-2
                  | Slay+4}
 38199 | Vaults:3 | Found a radiant altar of Vehumet.
 38610 | Vaults:3 | Reached skill level 5 in Spellcasting
 39049 | Vaults:4 | Received a gift from Okawaru
 39166 | Vaults:4 | Found Kinoi's Book Shop.
 39247 | Vaults:4 | Paralysed by a great orb of eyes for 4 turns
 39287 | Vaults:4 | Received a gift from Okawaru
 39410 | Vaults:4 | Found a glowing silver altar of Zin.
 39410 | Vaults:4 | Found a white marble altar of Elyvilon.
 39412 | Vaults:4 | Found a glowing golden altar of the Shining One.
 39434 | Vaults:4 | Found a crumbling gateway.
 39453 | Vaults:4 | Received a gift from Okawaru
 39467 | Desolati | Entered the Desolation of Salt
 39536 | Desolati | Identified the +3 scimitar "Siliud Kirr" {protect, rN+}
 39591 | Desolati | Got the Almanac of Filthy Bringing Forth
 39674 | Desolati | Reached XP level 20. HP: 189/189 MP: 28/28
 39827 | Desolati | Identified the ring of Xom's Full Attention {AC+4 Stlth+}
 39829 | Desolati | Identified the +1 leather armour of Miracles {MP+9}
 39832 | Desolati | Got the Directory of Bruises
 39949 | Desolati | Received a gift from Okawaru
 40013 | Desolati | Identified the ring "Ihua" {MP+9 Int+4}
 40020 | Desolati | Identified the ring "Givonemur" {rCorr Str+4 Dex-3 Slay+4
                  | SInv}
 40540 | Vaults:4 | Noticed Margery
 40551 | Vaults:4 | Killed Margery
 40558 | Vaults:4 | Received a gift from Okawaru
 41035 | Vaults:4 | Received a gift from Okawaru
 41330 | Depths:1 | Entered Level 1 of the Depths
 41330 | Depths:1 | Found a blossoming altar of Fedhas.
 41377 | Depths:1 | Identified the +8 war axe "Demon's Undoing" {flame, *Rage
                  | rPois MP+9} (Okawaru gifted it to you on level 1 of the
                  | Depths)
 41377 | Depths:1 | Received a gift from Okawaru
 41425 | Depths:1 | Gained mutation: You occasionally lose the ability to read
                  | scrolls when taking damage. [a neqoxec]
 41427 | Depths:1 | Gained mutation: You sometimes lose your temper in combat.
                  | [a neqoxec]
 41447 | Depths:1 | Identified the ring of Toocof {rCorr Dex+3}
 41496 | Depths:1 | Noticed a caustic shrike
 41497 | Depths:1 | Noticed a caustic shrike
 41498 | Depths:1 | Noticed a caustic shrike
 41498 | Depths:1 | Noticed a caustic shrike
 41507 | D:15     | Killed a caustic shrike
 41528 | D:15     | Killed a caustic shrike
 41530 | D:15     | Killed a caustic shrike
 41533 | D:15     | Killed a caustic shrike
 41533 | D:15     | Received a gift from Okawaru
 41580 | Depths:1 | Noticed a caustic shrike
 41592 | D:15     | Killed a caustic shrike
 41669 | Depths:1 | Identified the +1 robe of the Unstoppable Wars {Harm +Blink
                  | rPois rN+}
 41705 | D:15     | Acquired 381 gold pieces
 41799 | Depths:1 | Gained mutation: You are occasionally teleported next to
                  | monsters. [a neqoxec]
 41823 | Depths:1 | Identified the +3 halberd "Jigi" {flame, Fly rF- Int+4}
 41824 | Depths:1 | Found a gateway to Hell.
 41839 | Depths:1 | Reached XP level 21. HP: 178/200 MP: 31/31
 42029 | Depths:1 | Received a gift from Okawaru
 42139 | Depths:1 | Found a one-way gateway to a ziggurat.
 42222 | Depths:1 | Lost mutation: You occasionally lose the ability to read
                  | scrolls when taking damage. [potion of mutation]
 42222 | Depths:1 | Lost mutation: You sometimes lose your temper in combat.
                  | [potion of mutation]
 42222 | Depths:1 | Lost mutation: You are occasionally teleported next to
                  | monsters. [potion of mutation]
 42222 | Depths:1 | Gained mutation: Your magical capacity is low. (-10% MP)
                  | [potion of mutation]
 42222 | Depths:1 | Gained mutation: Your magical capacity is very low. (-20%
                  | MP) [potion of mutation]
 42222 | Depths:1 | Gained mutation: You are occasionally teleported next to
                  | monsters. [potion of mutation]
 42222 | Depths:1 | Gained mutation: You possess an exceptional clarity of
                  | mind. [potion of mutation]
 42507 | Depths:1 | Noticed Louise
 42513 | Depths:1 | Killed Louise
 42515 | Depths:1 | Found a one-way gate to the infinite horrors of the Abyss.
 42561 | Depths:1 | Identified the +10 broad axe of Vodka {speed, Will+ Int+3}
                  | (Okawaru gifted it to you on level 1 of the Depths)
 42561 | Depths:1 | Received a gift from Okawaru
 42814 | Depths:2 | Found a one-way gate leading to the halls of Pandemonium.
 42921 | Depths:2 | Identified the +10 flail of Immorality {freeze, rN++}
 43043 | Depths:2 | Received a gift from Okawaru
 43114 | Depths:2 | Lost mutation: You are occasionally teleported next to
                  | monsters. [potion of mutation]
 43114 | Depths:2 | Lost mutation: Your magical capacity is very low. (-20% MP)
                  | [potion of mutation]
 43114 | Depths:2 | Gained mutation: You are weak. (Str -2) [potion of
                  | mutation]
 43114 | Depths:2 | Gained mutation: You are robust. (+10% HP) [potion of
                  | mutation]
 43348 | Depths:2 | Found a magical portal.
 43399 | WizLab   | Entered The Chambers of the Cloud Mage
 43407 | WizLab   | Paralysed by an air elemental for 1 turns
 43409 | WizLab   | Paralysed by an air elemental for 1 turns
 43418 | WizLab   | Paralysed by an air elemental for 1 turns
 43447 | WizLab   | Paralysed by an air elemental for 1 turns
 43449 | WizLab   | Paralysed by an air elemental for 1 turns
 43565 | WizLab   | Paralysed by an air elemental for 1 turns
 43625 | WizLab   | Paralysed by an air elemental for 1 turns
 43764 | WizLab   | Paralysed by an air elemental for 1 turns
 43793 | WizLab   | Paralysed by an air elemental for 1 turns
 43806 | WizLab   | Paralysed by an air elemental for 1 turns
 43921 | WizLab   | Identified the +0 robe "Waluar" {rF+ Slay+2}
 43921 | WizLab   | Identified the ring "Puleb" {Fly rC+ Int+3}
 43997 | WizLab   | Noticed Fala
 44009 | WizLab   | Killed Fala the Cloud Mage
 44026 | WizLab   | Got the Omnibus of Astrapomancy
 44035 | WizLab   | Identified the ring "Notiefin" {Fly Int+5}
 44540 | Depths:3 | Found a runed translucent door.
 44542 | Depths:3 | Found a shimmering altar of Xom.
 44542 | Depths:3 | Noticed lmSkywalker's ghost (adept DrTm)
 44555 | Depths:3 | Identified the +2 hat "Ubbokhluam" {rPois rF- rCorr Str+8}
                  | (Okawaru gifted it to you on level 3 of the Depths)
 44555 | Depths:3 | Received a gift from Okawaru
 44632 | Depths:3 | Found a snail-covered altar of Cheibriados.
 45536 | Depths:3 | Reached XP level 22. HP: 234/234 MP: 29/29
 45880 | Depths:4 | Entered Level 4 of the Depths
 46275 | Depths:4 | Identified the +0 scale mail of Watchfulness {Int+2}
                  | (Okawaru gifted it to you on level 4 of the Depths)
 46275 | Depths:4 | Received a gift from Okawaru
 46556 | Depths:4 | Identified the +1 demon blade "Qaos" {vamp, +Blink rPois
                  | rF- Dex+5}
 46837 | Depths:4 | Noticed a golden dragon
 46856 | Depths:4 | Killed a golden dragon
 46857 | Depths:4 | Found a gate to the Realm of Zot.
 47340 | Shoals:2 | Bought the +9 scales of the Dragon King {rPois rF+ rC+
                  | Will+} for 3494 gold pieces
 47340 | Shoals:2 | Found the +9 scales of the Dragon King {rPois rF+ rC+
                  | Will+}
 47501 | Orc:2    | Bought a scroll of teleportation for 51 gold pieces
 47501 | Orc:2    | Bought a potion of heal wounds for 85 gold pieces
 47603 | D:10     | Bought a scroll of fog for 52 gold pieces
 47603 | D:10     | Bought a scroll of teleportation for 39 gold pieces
 47808 | Vaults:5 | Entered Level 5 of the Vaults
 47836 | Vaults:5 | Noticed Saint Roka
 47941 | Vaults:4 | Killed Saint Roka
 48029 | Vaults:5 | Received a gift from Okawaru
 48035 | Vaults:5 | Noticed a golden dragon
 48122 | Vaults:4 | Identified the +7 hand axe of Okawaru's Delight {antimagic,
                  | Stlth+} (Okawaru gifted it to you on level 4 of the Vaults)
 48122 | Vaults:4 | Received a gift from Okawaru
 48275 | Vaults:4 | Killed a golden dragon
 48323 | Vaults:5 | Noticed a dread lich
 48341 | Vaults:4 | Killed a dread lich
 48429 | Vaults:5 | Reached XP level 23. HP: 231/245 MP: 30/30
 48517 | Vaults:5 | Found Licif's Antique Armour Emporium.
 48518 | Vaults:5 | Found Evoor's Distillery.
 48535 | Vaults:5 | Received a gift from Okawaru
 48542 | Vaults:5 | Noticed an ancient lich
 48644 | Vaults:5 | Killed an ancient lich
 48644 | Vaults:5 | Received a gift from Okawaru
 48745 | Vaults:5 | Bought a potion of heal wounds for 55 gold pieces
 48745 | Vaults:5 | Bought a potion of heal wounds for 55 gold pieces
 48751 | Vaults:5 | Got a silver rune of Zot
 48976 | Vaults:5 | Identified the +2 robe of Tartarus {Will+ Str+4 Slay-6}
 48987 | Vaults:5 | Identified the +2 whip of Courage {drain, *Noise rElec rN++
                  | Str+2}
 49204 | Vaults:5 | Identified the amulet "Ykunaor" {Reflect Contam Str+3 SH+5}
 49302 | Vaults:5 | Identified the +0 scale mail "Xacystria" {Harm Str-3 Dex+2}
 49350 | Vaults:5 | Received a gift from Okawaru
 49646 | Vaults:5 | Received a gift from Okawaru
 49800 | Vaults:5 | Found Diaclu's Armour Boutique.
 50254 | Elf:1    | Entered Level 1 of the Elven Halls
 50551 | Elf:1    | Received a gift from Okawaru
 50585 | Elf:1    | Got the Encyclopedia of Blasting
 51206 | Elf:2    | Received a gift from Okawaru
 51361 | Elf:2    | Found a runed translucent gate.
 51361 | Elf:2    | Found a runed translucent gate.
 51362 | Elf:2    | Found a runed translucent gate.
 51419 | Elf:2    | Paralysed by an air elemental for 1 turns
 51536 | Elf:2    | Noticed Agnes
 51543 | Elf:2    | Killed Agnes
 51587 | Elf:2    | Found Itiryrufoa's Magic Scroll Shoppe.
 51755 | Elf:2    | Noticed Nikola
 51768 | Elf:2    | Killed Nikola
 51780 | Elf:2    | Received a gift from Okawaru
 52075 | Elf:3    | Entered Level 3 of the Elven Halls
 52233 | Elf:3    | Reached XP level 24. HP: 190/258 MP: 30/30
 52308 | Elf:3    | Reached skill level 15 in Throwing
 52424 | Elf:3    | Found the ring of the Octopus King
 52445 | Elf:3    | Identified the +1 ring mail "Heqewug" {MP+9 Int+5}
 52447 | Elf:3    | Identified a ring of the Octopus King {Fly HP+2 AC+2 EV+2
                  | SH+2}
 52568 | Elf:3    | Paralysed by an air elemental for 1 turns
 52781 | Elf:3    | Identified the ring "Ocolent" {Fly rCorr Int+2 Dex+3}
 52815 | Elf:3    | Identified the +1 scale mail of Ashenzari's Delight {+Inv
                  | rF- Will+ Dex+6}
 52863 | Elf:3    | Got the Volume of Lofty Glaciation
 53302 | Elf:2    | Bought a scroll of teleportation for 33 gold pieces
 53302 | Elf:2    | Bought a scroll of teleportation for 33 gold pieces
 53302 | Elf:2    | Bought a scroll of teleportation for 33 gold pieces
 53725 | Depths:3 | Killed lmSkywalker's ghost
 53911 | Zot:1    | Entered Level 1 of the Realm of Zot
 55037 | Zot:2    | Received a gift from Okawaru
 55042 | Zot:2    | Reached skill level 15 in Dodging
 55061 | Zot:2    | Acquired the +1 hat of the Wilderness {Will+}
 55577 | Zot:2    | You are sucked into a shaft and drop 2 floors!
 55577 | Zot:4    | Noticed an orb of fire
 55781 | Zot:3    | Received a gift from Okawaru
 55979 | Zot:3    | Received a gift from Okawaru
 56522 | Zot:3    | Identified the +1 hand axe of Ragnarok {vamp, Dex+2}
 56570 | Zot:3    | Identified the +1 pair of gloves "Qexky" {rN+ Will+}
 57296 | Zot:3    | Noticed a Killer Klown
 57304 | Zot:3    | Killed a Killer Klown
 57570 | Zot:3    | Killed an orb of fire
 57571 | Zot:3    | Reached XP level 25. HP: 246/269 MP: 23/30
 57852 | Zot:4    | Noticed Grunn
 57852 | Zot:4    | Noticed an orb of fire
 57854 | Zot:4    | Gained mutation: Your body sometimes deteriorates upon
                  | taking damage. [an orb of fire]
 57864 | Zot:4    | Killed Grunn
 57866 | Zot:4    | Killed an orb of fire
 58324 | Zot:4    | Noticed an orb of fire
 58326 | Zot:4    | Gained mutation: You occasionally lose the ability to read
                  | scrolls when taking damage. [an orb of fire]
 58335 | Zot:4    | Lost mutation: You possess an exceptional clarity of mind.
                  | [an orb of fire]
 58343 | Zot:4    | Killed an orb of fire
 58349 | Zot:4    | Received a gift from Okawaru
 58383 | Zot:4    | Lost mutation: Your magical capacity is low. (-10% MP)
                  | [potion of mutation]
 58383 | Zot:4    | Lost mutation: You are robust. (+10% HP) [potion of
                  | mutation]
 58383 | Zot:4    | Lost mutation: Your body sometimes deteriorates upon taking
                  | damage. [potion of mutation]
 58383 | Zot:4    | Gained mutation: Your flesh is heat resistant. (rF+)
                  | [potion of mutation]
 58744 | Zot:5    | Entered Level 5 of the Realm of Zot
 58750 | Zot:5    | Received a gift from Okawaru
 58951 | Zot:5    | Received a gift from Okawaru
 59083 | Zot:5    | Noticed a Killer Klown
 59091 | Zot:5    | Noticed an orb of fire
 59103 | Zot:5    | Gained mutation: Armour fits poorly on your strangely
                  | shaped body. [an orb of fire]
 59107 | Zot:5    | Killed an orb of fire
 59117 | Zot:5    | Lost mutation: Armour fits poorly on your strangely shaped
                  | body. [potion of mutation]
 59117 | Zot:5    | Lost mutation: You occasionally lose the ability to read
                  | scrolls when taking damage. [potion of mutation]
 59117 | Zot:5    | Lost mutation: Your flesh is heat resistant. (rF+) [potion
                  | of mutation]
 59117 | Zot:5    | Gained mutation: You are partially covered in iridescent
                  | scales. (AC +2) [potion of mutation]
 59117 | Zot:5    | Gained mutation: Your body sometimes deteriorates upon
                  | taking damage. [potion of mutation]
 59126 | Zot:5    | Killed a Killer Klown
 59351 | Zot:5    | Received a gift from Okawaru
 59370 | Zot:5    | Identified the +5 scale mail "Opoasofo" {Dex+4}
 59477 | Zot:5    | Noticed a dread lich
 59500 | Zot:5    | Noticed an orb of fire
 59505 | Zot:5    | Killed a dread lich
 59508 | Zot:5    | Noticed an orb of fire
 59513 | Zot:5    | Gained mutation: Potions are less effective at restoring
                  | your health. [an orb of fire]
 59517 | Zot:5    | Killed an orb of fire
 59525 | Zot:5    | Killed an orb of fire
 59527 | Zot:5    | Noticed a Killer Klown
 59527 | Zot:5    | Noticed a Killer Klown
 59539 | Zot:5    | Killed a Killer Klown
 59545 | Zot:5    | Killed a Killer Klown
 59580 | Zot:5    | Identified the ring "Biuxany" {MP+9 Int+3}
 59613 | Zot:5    | Received a gift from Okawaru
 59645 | Zot:5    | Noticed an orb of fire
 59651 | Zot:5    | Noticed an ancient lich
 59657 | Zot:5    | Killed an orb of fire
 59657 | Zot:5    | Received a gift from Okawaru
 59658 | Zot:5    | Reached XP level 26. HP: 228/258 MP: 27/33
 59658 | Zot:5    | Noticed a dread lich
 59662 | Zot:5    | Noticed a dread lich
 59666 | Zot:5    | Killed an ancient lich
 59674 | Zot:5    | Killed a dread lich
 59677 | Zot:5    | Noticed a dread lich
 59680 | Zot:5    | Killed a dread lich
 59693 | Zot:5    | Received a gift from Okawaru
 59695 | Zot:5    | Killed a dread lich
 59850 | Zot:5    | Got the Orb of Zot
 60380 | D:9      | Identified the +0 hand axe "Jorit" {vamp, Will+} (Okawaru
                  | gifted it to you on level 9 of the Dungeon)
 60380 | D:9      | Received a gift from Okawaru
 60389 | D:9      | Noticed Mevesyah the pandemonium lord
 60403 | D:8      | Killed Mevesyah the pandemonium lord
 60666 | D:$      | Escaped with the Orb!

Illustrated notes

Levels and vault maps discovered:
D:1:      nzn_arrival_crosshair, layout_basic, patterned_corridor
D:2:      layout_basic, shapermc_ecumenical_altar_mp_ritualfount,
          minmay_misc_feat_tower
D:3:      layout_rooms, uniq_natasha
D:4:      layout_basic, nicolae_gozag_zags_fifth_avenue, gammafunk_ghost_grave,
          uniq_menkaure
D:5:      layout_rooms, nzn_overflow_gifts_of_might_and_magic, temple_doors_ab,
          serial_shops, shop_fountains, gammafunk_ghost_necromancy,
          kennysheep_path_1, minmay_small_thing
D:6:      hellmonk_ruined_rings, layout_loops_corners,
          mainiacjoe_overflow_six_doors_small, serial_shops,
          nicolae_take_the_stairs, minmay_pentangle, uniq_pikel
D:7:      layout_rooms, general_overflow_altar,
          minmay_fractal_squares_diagonal_5
D:8:      layout_loops_ring, erik_lair_island, enter_bailey_4,
          ebering_ghost_disaster_area
D:9:      layout_rooms, david_orc_3
D:10:     layout_basic, serial_shops, shop, grunt_decor_mini_mirrors,
          uniq_amaemon
D:11:     layout_gridville, nicolae_shop_clearance
D:12:     layout_loops_ring
D:13:     layout_cave_pools, grunt_vaults_entry_tiered,
          minmay_misc_feat_encased, chequers_big_river, hex_tiny
D:14:     layout_grid_maze, nicolae_trove_entry_free_sample, ashenzari_altar_1,
          nicolae_danse_macabre
D:15:     grunt_enter_depths_snipers, layout_loops_corners, elyvilon_altar_3,
          xom_shifter_show
Temple:   bh_familiar_temple
Lair:1:   layout_loops_ring, dpeg_stationary_puzzle, grunt_megastairs_5
Lair:2:   layout_long_grid, elwin_shoals_entry_rocks,
          nicolae_volcano_entry_vermiform, grunt_megastairs_4
Lair:3:   layout_loops_ring, guppyfry_snake_entry_island,
          portal_ice_cave_entry_pillars_2
Lair:4:   layout_layer_cave, hangedman_lair_unloving_vines, beast_lair_carwin_5
Lair:5:   minmay_lair_end_frog_pond, layout_concentric_octagons, slime_entry_1,
          infiniplex_staircase_pool_2
Shoals:1: layout_shoals, uniq_frances, uniq_roxanne, uniq_donald
Shoals:2: layout_shoals, serial_shops, nicolae_shop_trees,
          nicolae_shoals_water_shrine, uniq_polyphemus
Shoals:3: nicolae_shoals_aurelia_aurita, layout_shoals
Shoals:4: shoals_end_simple, layout_shoals, serial_shops, nicolae_diamond_shop
Snake:1:  layout_misc_corridors, nicolae_snake_gridmaze_big_u
Snake:2:  layout_cave_shapes, nicolae_snake_salamander_zone
Snake:3:  layout_onion, basic_altar, serial_shops, shop_fountains
Snake:4:  minmay_snake_end_coiled, layout_concentric_octagons,
          serial_bayou_crossing
Orc:1:    layout_caves
Orc:2:    st_orc_rangers, layout_caves
Elf:1:    eino_elf_arrival_the_gate, layout_geoelf_grid, serial_glass,
          glass_columns_a, glass_columns_b, glass_columns_c, glass_columns_a,
          glass_columns_c, glass_columns_b, glass_columns_a, glass_columns_a,
          glass_columns_a, glass_columns_b, item_on_display_b, feat_on_display,
          unseen_surprise_small, minmay_elf_annihilation
Elf:2:    elven_hall_of_blades_hangedman_original
          [nicolae_blade_entry_diamond_columns], layout_onion_city,
          serial_shops, nicolae_shop_hallway_plus, uniq_nikola, uniq_louise,
          uniq_agnes
Elf:3:    grunt_elf_hall_diamonds, layout_geoelf_diagonals
Vaults:1: v_misc_22, st_smaller_cells, v_misc_25, vaults_room_fancy_cross,
          v_rooms_4, vaults_room_large_hall, nicolae_vaults_yaktaur_gun_rack,
          vaults_dpeg_emergency_exit, ontoclasm_vaults_fault,
          ontoclasm_vaults_gateway, layout_vaults_omnigrid, serial_shops, shop,
          shop, nicolae_shop_behind_doors, shop, nicolae_lakefront_shop
Vaults:2: hangedman_vaults_nodes, nicolae_vaults_network_quincunx
          [nicolae_vaults_network_quincunx_subvault,
          nicolae_vaults_network_quincunx_subvault,
          nicolae_vaults_network_quincunx_subvault,
          nicolae_vaults_network_quincunx_subvault,
          nicolae_vaults_network_quincunx_subvault], door_vault,
          nicolae_vaults_network_s, v_misc_16, nicolae_vaults_alarming,
          ontoclasm_vaults_loading_screen, ontoclasm_vaults_shuriken,
          layout_vaults_big_cross
Vaults:3: hangedman_vaults_unwind, minmay_crypt_entry_nasty_monster,
          nicolae_vaults_what_the_h, nicolae_vaults_little_squares_6,
          grunt_tower_of_power, nicolae_vaults_ninety_degrees,
          hangedman_vaults_corner_blocks, ontoclasm_vaults_ring_small,
          v_rooms_5, vaults_room_fours, ontoclasm_vaults_ring_small,
          nicolae_vaults_little_squares_3, ontoclasm_vaults_chip,
          grunt_vaults_diagonal, ontoclasm_vaults_tryst, layout_vaults_omnibox
Vaults:4: portal_desolation_entry_holy_temple, nicolae_vaults_ring_of_whatevers,
          ontoclasm_vaults_idyll, v_misc_2, ontoclasm_vaults_ring_square,
          v_misc_9, v_misc_25, st_more_cells, vaults_room_grid,
          grunt_vaults_hallway_short, layout_vaults_big_room, serial_shops,
          shop, uniq_margery
Vaults:5: uniq_saint_roka
Depths:1: layout_cave_pools, enter_ziggurat_f, fedhas_altar_3,
          grunt_hell_entry_demonic_statue,
          nicolae_abyss_entry_one_way_or_another, evilmike_minifort
Depths:2: kennysheep_ogre_elephant_herders, layout_gridville,
          pf_hell_entry_tar_river, lightli_enter_wizlab_magi_temple, pan_entry
Depths:3: kennysheep_six_static_rooms, layout_gridville,
          grunt_hell_entry_dis_grunt, ebering_ghost_xom, minmay_fountain_box,
          abyss_entry_crystal, chequers_serial_rivers_large_b,
          minmay_misc_feat_chi, kennysheep_crisscross, slow_altar_1,
          infiniplex_staircase_spiral_double
Depths:4: grunt_zot_entry_hairpin, layout_cave_pools, hellmouth_1,
          serial_sigils, serial_sigils_hangedman_confine,
          serial_sigils_hangedman_etch, serial_sigils_hangedman_gut,
          serial_sigils_hangedman_writhe, serial_sigils_hangedman_snap,
          serial_sigils_hangedman_scratch
Zot:1:    layout_cellular_growth
Zot:2:    layout_basic
Zot:3:    layout_gridlike, hangedman_player_shredder, grunt_megastairs_2
Zot:4:    kennysheep_oblong_rooms, layout_onion, st_small_dragon_hoard_5,
          uniq_grunn
Zot:5:    layout_cathedral_of_symmetry

Skill      XL: |  1  2  3  4  5  6  7  8  9 10 11 12 13 14 15 16 17 18 19 20 21 22 23 24 25 26 |
---------------+-------------------------------------------------------------------------------+-----
Axes           | 3 4 5 6 7 9 11 14 16 17 18 | 18.0
Throwing       | 3 6 9 10 12 13 14 16 | 16.0
Invocations    | 3 6 9 11 12 | 12.0
Fighting       | 5 8 11 12 13 15 17 18 19 21 22 23 24 25 | 25.5
Armour         | 5 8 11 12 13 15 17 18 19 20 22 23 25 | 25.5
Shields        | 5 8 11 12 13 15 17 18 19 21 22 23 24 25 | 25.5
Evocations     | 5 8 9 |  9.3
Dodging        | 4 8 10 11 12 13 16 19 20 | 20.1
Spellcasting   | 3 5 7 |  7.8

Action                     |  1- 3 |  4- 6 |  7- 9 | 10-12 | 13-15 | 16-18 | 19-21 | 22-24 | 25-27 || total
---------------------------+-------+-------+-------+-------+-------+-------+-------+-------+-------++-------
  Melee: War axe           |    73 |   120 |   266 |   537 |   393 |       |       |       |       ||  1389
         Headbutt          |    12 |    11 |    59 |    98 |   288 |   333 |   346 |   416 |   167 ||  1730
         Whip              |       |       |       |       |    36 |       |       |       |       ||    36
         Broad axe         |       |       |       |       |   756 |  1341 |  1201 |  1288 |   472 ||  5058
  Throw: Dart              |       |       |       |       |     7 |       |     1 |     5 |       ||    13
         Boomerang         |       |       |       |       |     3 |       |       |       |       ||     3
 Invoke: Heroism           |       |       |       |     3 |    13 |    19 |    10 |    15 |     6 ||    66
         Finesse           |       |       |       |     1 |     7 |    10 |     6 |    12 |     6 ||    42
         Duel              |       |       |       |       |       |     1 |       |       |       ||     1
  Evoke: Wand              |       |       |       |       |     9 |       |       |       |       ||     9
    Use: Scroll            |       |       |       |    20 |    15 |     7 |     3 |     3 |     2 ||    50
         Potion            |       |       |       |     5 |     7 |     8 |     3 |       |     8 ||    31
   Stab: Confused          |       |       |       |       |       |       |     1 |       |       ||     1
 Armour: Scale mail        |    39 |    47 |    28 |       |       |       |       |       |       ||   114
         Chain mail        |       |       |    81 |   170 |   243 |       |       |       |       ||   494
         Plate armour      |       |       |       |   130 |       |       |       |       |       ||   130
         Crystal plate arm |       |       |       |       |   716 |   729 |   502 |    47 |       ||  1994
         Gold dragon scale |       |       |       |       |       |       |       |   376 |    96 ||   472
  Dodge: Dodged            |    32 |    48 |    76 |   138 |   319 |   295 |   274 |   247 |    72 ||  1501
  Block: Buckler           |    13 |    22 |    43 |   116 |   380 |       |       |       |       ||   574
         Kite shield       |       |       |       |       |   107 |   905 |   709 |   750 |   190 ||  2661
         Reflection        |       |       |       |       |       |    54 |    42 |    87 |     4 ||   187

Table legend: (Time is in decaauts)
 A = Elapsed time spent in this place.
 B = Non-inter-level travel time spent in this place.
 C = Inter-level travel time spent in this place.
 D = Time resting spent in this place.
 E = Time spent auto-exploring this place.
 F = Levels seen in this place.
 G = Mean time per level.
                   A        B        C        D        E       F      G
               +--------+--------+--------+--------+--------+-----+--------+
         Total |  58609 |  53413 |   5196 |   6958 |  17753 |  52 | 1127.1 |
       Dungeon |  16668 |  13917 |   2751 |   1496 |   7864 |  15 | 1111.2 |
        Temple |    227 |    171 |     56 |      0 |    166 |   1 |  227.0 |
          Lair |   5765 |   5336 |    429 |    879 |   2097 |   5 | 1153.0 |
        Shoals |   4820 |   4658 |    162 |    826 |   1589 |   4 | 1205.0 |
     Snake Pit |   5826 |   5657 |    169 |   1413 |    998 |   4 | 1456.5 |
  Orcish Mines |   2108 |   1784 |    324 |    252 |    538 |   2 | 1054.0 |
   Elven Halls |   2905 |   2642 |    263 |     61 |    723 |   3 |  968.3 |
        Vaults |   8031 |   7559 |    472 |    921 |   2198 |   5 | 1606.2 |
        Depths |   4880 |   4461 |    419 |    341 |    916 |   4 | 1220.0 |
           Zot |   5543 |   5395 |    148 |    531 |    478 |   5 | 1108.6 |
      Ice Cave |    253 |    253 |      0 |     53 |      0 |   1 |  253.0 |
        Wizlab |    710 |    710 |      0 |    160 |     49 |   1 |  710.0 |
    Desolation |    844 |    844 |      0 |     11 |    137 |   1 |  844.0 |
         Arena |     25 |     25 |      0 |     13 |      0 |   1 |   25.0 |
               +--------+--------+--------+--------+--------+-----+--------+

Top non-repeatable levels by time:
 Snake:4: 2058 daAuts
Vaults:4: 1821 daAuts
   Zot:3: 1713 daAuts
Vaults:1: 1678 daAuts
    D:10: 1616 daAuts
Vaults:2: 1594 daAuts
     D:8: 1500 daAuts
   Orc:2: 1495 daAuts
Depths:3: 1488 daAuts
Vaults:3: 1476 daAuts
Vaults:5: 1460 daAuts
Shoals:4: 1444 daAuts
     D:6: 1426 daAuts
    D:13: 1422 daAuts
 Snake:3: 1415 daAuts
